 Dungeon Crawl Stone Soup version 0.25.1-2-g60ff931df9 (webtiles) character file.

Game seed: 13113968818285542324

1880 Curus the Spear-Bearer (level 9, -2/70 HPs)
             Began as a Hill Orc Fighter on Sept 30, 2020.
             Was a Follower of Yredelemnul.
             Slain by a bullfrog (5 damage)
             ... in a sewer.
             The game lasted 00:32:40 (7591 turns).

Curus the Spear-Bearer (Hill Orc Fighter)           Turns: 7591, Time: 00:32:41

Health: -2/70      AC: 11    Str: 19    XL:     9   Next: 14%
Magic:  9/9        EV:  2    Int:  8    God:    Yredelemnul [*.....]
Gold:   235        SH: 10    Dex: 13    Spells: 8/8 levels left

rFire    + . .     SeeInvis .   a - +1 trident
rCold    . . .     Gourm    .   c - +1 kite shield
rNeg     . . .     Faith    .   r - +0 chain mail
rPois    .         Spirit   .   n - +0 hat
rElec    .         Reflect  .   p - +0 cloak
rCorr    .         Harm     .   k - +0 pair of gloves
MR       .....                  (no boots)
Stlth    ..........             (no amulet)
HPRegen  0.21/turn              i - ring of protection from fire
MPRegen  0.11/turn              (no ring)

@: mighty, lethally poisoned (-2 -> -4), constricted, very slow
A: no striking features
a: Animate Remains, Renounce Religion


You were in a sewer.
You worshipped Yredelemnul.
Yredelemnul was aware of your devotion.
You were not hungry.

You visited 1 branch of the dungeon, and saw 6 of its levels.
You also visited: Sewer.

You collected 235 gold pieces.

Inventory:

Hand Weapons
 a - a +1 trident (weapon)
Armour
 b - a +0 scale mail
 c - a +1 kite shield (worn)
 k - a +0 pair of gloves (worn)
 n - a +0 hat (worn)
 p - a +0 cloak (worn)
 r - a +0 chain mail (worn)
Jewellery
 i - a ring of protection from fire (left hand)
Wands
 j - a wand of enslavement (10)
Scrolls
 e - 5 scrolls of identify
 h - 7 scrolls of remove curse
 l - a scroll of amnesia
 m - 2 scrolls of fog
 q - 2 scrolls of magic mapping
 s - a scroll of teleportation
Potions
 g - 2 potions of stabbing
 u - a potion of magic
Comestibles
 d - 6 chunks of flesh
 f - 5 rations


   Skills:
 - Level 3.6 Fighting
 + Level 12.4 Polearms
 - Level 3.2 Armour
 - Level 3.2 Shields


You had 8 spell levels left.
You didn't know any spells.
Your spell library was empty.

Dungeon Overview and Level Annotations

Branches:
Dungeon (6/15)              Sewer (1/1)
 Temple: D:4-7

Altars:
Ashenzari
Cheibriados
Elyvilon
Fedhas
Hepliaklqana
Nemelex Xobeh
Ru
Yredelemnul

Shops:
D:4 (


Message History

The ball python bites you but does no damage.
The ball python constricts you.
The bullfrog hits you but does no damage.
The adder bites you but does no damage.
Some of the chunks of flesh in your inventory have rotted away.
You closely miss the bullfrog. The adder bites you.
* * * LOW HITPOINT WARNING * * *
You are poisoned.
The adder poisons you!
The ball python bites you but does no damage.
The bullfrog completely misses you.
The frilled lizard bites you but does no damage.
You block the ball python's attack. The ball python constricts you.
The adder bites you but does no damage.
You puncture the bullfrog!
The bullfrog is heavily wounded.
You feel sick. You block the adder's attack.
The ball python completely misses you. The bullfrog hits you.
You die...
Your body rises from the dead as a mindless zombie.

#####.. #..'... #..#...
####...
####################....
...≈≈≈≈≈≈≈≈≈≈≈≈≈≈≈#.....
...≈≈≈≈≈≈≈≈≈≈≈≈≈≈≈.....#
...≈≈≈†SS≈≈≈≈≈≈≈≈≈.....#
...≈≈≈F@S≈≈≈≈≈≈≈≈≈.....#
...≈≈≈≈Sl..≈≈≈≈≈≈≈....##
..#≈≈≈≈≈≈≈≈≈≈≈≈≈≈≈..###
###################


You could see a bullfrog, 2 adders, 2 ball pythons and a frilled lizard.

Vanquished Creatures
  Prince Ribbit (D:6)
  Eustachio (D:5)
  Menkaure (D:5)
  Duvessa (D:5)
  2 phantoms
  An ogre (D:5)
  2 centaurs
  A bullfrog (Sewer)
  Dowan (D:5)
  2 scorpions
  A crimson imp (D:6)
  A hound (D:4)
  A bullfrog zombie (D:4)
  2 orc wizards (D:4)
  Natasha (thrice) (D:2)
  An iguana (D:5)
  2 worker ants
  A hound skeleton (D:4)
  6 gnolls
  13 adders
  5 river rats
  2 oozes
  An adder zombie (D:5)
  2 dart slugs
  7 leopard geckos
  22 orcs
  8 ball pythons
  7 bats
  8 giant cockroaches
  7 goblins
  8 hobgoblins
  10 jackals
  A quokka (D:4)
  7 frilled lizards
  6 kobolds (D:3)
  33 rats
178 creatures vanquished.

Notes
Turn   | Place    | Note
-------+----------+-------------------------------------------
     0 | D:1      | Curus the Hill Orc Fighter began the quest for the Orb.
     0 | D:1      | Reached XP level 1. HP: 19/19 MP: 1/1
   103 | D:1      | Reached skill level 3 in Polearms
   103 | D:1      | Reached XP level 2. HP: 26/26 MP: 2/2
   441 | D:1      | Found a blossoming altar of Fedhas.
   828 | D:2      | Reached XP level 3. HP: 21/31 MP: 3/3
  1055 | D:2      | Reached skill level 4 in Polearms
  1163 | D:2      | Noticed Natasha
  1177 | D:2      | Killed Natasha
  1177 | D:2      | Reached XP level 4. HP: 19/39 MP: 4/4
  1365 | D:2      | Found a white marble altar of Elyvilon.
  2008 | D:2      | Noticed Natasha
  2017 | D:2      | Killed Natasha
  2017 | D:2      | Reached skill level 5 in Polearms
  2124 | D:2      | Noticed Natasha
  2140 | D:2      | Killed Natasha
  2140 | D:2      | Reached XP level 5. HP: 22/45 MP: 5/5
  2573 | D:3      | Reached skill level 6 in Polearms
  2798 | D:3      | Reached XP level 6. HP: 27/51 MP: 6/6
  3295 | D:3      | Found a sacrificial altar of Ru.
  3680 | D:4      | Reached skill level 7 in Polearms
  3963 | D:4      | Found a shattered altar of Ashenzari.
  3987 | D:4      | You fall into a shaft and drop 1 floor!
  3987 | D:5      | Entered Level 5 of the Dungeon
  3988 | D:5      | Noticed a phantom
  4002 | D:5      | Killed a phantom
  4099 | D:5      | Noticed Dowan
  4100 | D:5      | Noticed Duvessa
  4153 | D:5      | Killed Dowan
  4153 | D:5      | Reached skill level 8 in Polearms
  4153 | D:5      | Reached XP level 7. HP: 49/57 MP: 7/7
  4291 | D:5      | Killed Duvessa
  4293 | D:5      | Reached skill level 9 in Polearms
  4619 | D:5      | Noticed Eustachio
  4652 | D:5      | Killed Eustachio
  4652 | D:5      | Reached XP level 8. HP: 45/64 MP: 8/8
  4871 | D:4      | Reached skill level 10 in Polearms
  5049 | D:4      | Found Onaacod's Weapon Emporium.
  5793 | D:5      | Noticed Menkaure
  6246 | D:5      | Killed Menkaure
  6246 | D:5      | Reached skill level 11 in Polearms
  6623 | D:5      | Found a basalt altar of Yredelemnul.
  6624 | D:5      | Found a sparkling altar of Nemelex Xobeh.
  6626 | D:5      | Became a worshipper of Yredelemnul the Dark
  6628 | D:5      | Found a snail-covered altar of Cheibriados.
  6632 | D:5      | Found a hazy altar of Hepliaklqana.
  6734 | D:6      | Noticed Prince Ribbit
  6773 | D:6      | Killed Prince Ribbit
  6773 | D:6      | Reached skill level 12 in Polearms
  6773 | D:6      | Reached XP level 9. HP: 26/70 MP: 9/9
  7057 | D:6      | Found a glowing drain.
  7091 | Sewer    | Entered a sewer
  7290 | Sewer    | Reached * piety under Yredelemnul
  7571 | Sewer    | HP: 3/70 [adder (2)]
  7587 | Sewer    | HP: 3/70 [bullfrog (5)]
  7591 | Sewer    | Slain by a bullfrog

Illustrated notes

Levels and vault maps discovered:
D:1:      minmay_arrival_radiant_lines, layout_basic, kennysheep_flooded_box,
          minmay_shallow_snake_nest
D:2:      layout_basic, lemuel_coloured_pillars_altar, uniq_natasha
D:3:      layout_basic, nicolae_ru_the_path_less_chosen, kennysheep_potato
D:4:      minmay_chambers_of_threes, layout_basic, old_standard_altar,
          first_ration, serial_curves, eino_curves_04, eino_curves_01,
          serial_shops, shop
D:5:      layout_basic, minitemple, uniq_duvessa, uniq_eustachio, uniq_menkaure
D:6:      layout_cave_pods, nicolae_gozag_cash_rules_everything_around_me,
          portal_sewer_entry_a, uniq_crazy_yiuf_cottage, uniq_prince_ribbit1
Sewer:    sewer_minmay_w

Skill      XL: |  1  2  3  4  5  6  7  8 |
---------------+-------------------------+-----
Polearms       | 3 4 5 6 8 9 12 | 12.4
Fighting       | |  3.6
Armour         | |  3.2
Shields        | |  3.2

Action                   |  1- 3 |  4- 6 |  7- 9 || total
-------------------------+-------+-------+-------++-------
Melee: Trident           |    98 |   229 |   472 ||   799
       Unarmed           |       |     6 |       ||     6
  Use: Scroll            |     5 |     5 |     2 ||    12
       Potion            |     7 |     4 |     7 ||    18
  Eat: Chunk             |     1 |    10 |     8 ||    19
       Ration            |       |       |     1 ||     1
Armor: Scale mail        |    27 |    49 |       ||    76
       Skin              |       |    32 |       ||    32
       Chain mail        |       |     2 |   333 ||   335
Dodge: Dodged            |    20 |    43 |    97 ||   160
Block: Kite shield       |    36 |    99 |   285 ||   420
